 Dungeon Crawl Stone Soup version 0.28-a0-60-g54b5640690 (webtiles) character file.

Game seed: 18074087920415526554

54 skittles the Ruffian (level 3, 0/28 HPs)
             Began as a Draconian Transmuter on July 30, 2021.
             Slain by an orc wizard (2 damage)
             ... on level 3 of the Dungeon.
             The game lasted 00:05:03 (2787 turns).

skittles the Ruffian (Draconian Transmuter)         Turns: 2787, Time: 00:05:03

Health: 0/28       AC:  5    Str: 11 (12) XL:     3   Next: 66%
Magic:  4/6        EV: 12    Int: 13 (14) God:
Gold:   64         SH:  0    Dex: 10 (11) Spells: 0/6 levels left

rFire   . . .      SeeInvis .     - Unarmed
rCold   . . .      Faith    .   (no shield)
rNeg    . . .      Spirit   .   (armour unavailable)
rPois   .          Reflect  .   (helmet currently unavailable)
rElec   .          Harm     .   (no cloak)
rCorr   .          Rampage  .   (no gloves)
Will    .....                   (boots currently unavailable)
Stlth   +.........              (no amulet)
HPRegen 0.09/turn               (no ring)
MPRegen 0.10/turn               (no ring)

@: appendages, wereblooded
A: horns 2, talons 2, AC +5, unfitting armour, cold-blooded
a: End Transformation


You were on level 3 of the Dungeon.
You had temporarily grown beastly horns and talons.
You visited 1 branch of the dungeon, and saw 3 of its levels.

You collected 64 gold pieces.

Inventory:

Missiles
 a - 2 atropa-tipped darts (quivered)
 b - 39 stones
 i - 4 javelins
Scrolls
 h - a scroll of blinking
 k - a scroll of identify
Potions
 d - a potion of brilliance


   Skills:
 - Level 1.1 Fighting
 - Level 1.7 Dodging
 - Level 3.7 Unarmed Combat
 - Level 2.0 Spellcasting
 * Level 3.2 Transmutations
 * Level 0.8 Poison Magic


You couldn't memorise any spells.
You knew the following spells:

 Your Spells              Type           Power      Damage    Failure   Level
a - Beastly Appendage     Tmut           18%        N/A       7%          1
b - Wereblood             Tmut           9%         N/A       11%         2
c - Spider Form           Tmut/Pois      3%         N/A       32%         3

Your spell library contained the following spells:

 Spells                   Type           Power      Damage    Failure   Level
 Ice Form                 Ice/Tmut       5%         N/A       78%         4


Dungeon Overview and Level Annotations

Branches:
Dungeon (3/15)

Altars:


Innate Abilities, Weirdness & Mutations

You have temporarily grown beastly horns and talons.
Your plain brown scales are hard. (AC +5)
You cannot fit into any form of body armour.
You are cold-blooded and may be slowed by cold attacks.


Message History

Deactivating autopickup; reactivate with Ctrl-A.
Found a stone staircase leading up.
Casting: Beastly Appendage (safe; 7% risk of failure)
Confirm with . or Enter, or press ? or * to list all spells.
Your blood is infused with primal strength.
Casting: Wereblood (safe; 11% risk of failure)
Confirm with . or Enter, or press ? or * to list all spells.
You grow a pair of large bovine horns.
Your feet morph into talons.
An orc comes into view. It is wielding a +0 trident.
The orc shouts!
You hit the orc.
The orc is lightly wounded.
The orc closely misses you.
You barely miss the orc. Your headbutt misses the orc.
The orc is lightly wounded.
The orc hits you with a +0 hand axe.
You closely miss the orc. Your kick misses the orc.
The orc hits you with a +0 hand axe. The orc barely misses you.
The orc hits you but does no damage.
You hit the orc.
The orc is lightly wounded.
The orc barely misses you. The orc hits you but does no damage.
The orc hits you with a +0 whip.
The orc hits you with a +2 vampiric falchion!
You closely miss the orc. Your kick misses the orc.
The orc is lightly wounded.
The orc hits you with a +0 hand axe.
The orc hits you from afar with a +0 trident.
* * * LOW HITPOINT WARNING * * *
The orc closely misses you.
You hit the orc. Your headbutt misses the orc.
The orc is moderately wounded.
The orc hits you but does no damage.
The orc hits you from afar with a +0 trident.
* * * LOW HITPOINT WARNING * * *
The orc misses you.
You barely miss the orc. You claw the orc.
You feel a bit better.
You kill the orc!
Something hits you.
You die...

### ## #>. .
#.#.# ##.#.#
#....
#..###########
#.o...)<.....#
#@#####.#.#.##
#){..##.....#
.oo..#.....##
......#.....#
#......#.....#
+).....##+##.###
#......##......#
#......#########


You could see 3 orcs.

Vanquished Creatures
  An adder (D:2)
  An orc (D:3)
  A bat (D:2)
  3 endoplasms
  3 giant cockroaches
  5 hobgoblins
  4 jackals (D:1)
  5 kobolds
  5 quokkas
  2 ball pythons (D:2)
  5 goblins
  4 rats
39 creatures vanquished.

Notes
Turn   | Place    | Note
-------+----------+-------------------------------------------
     0 | D:1      | skittles the Draconian Transmuter began the quest for the
                  | Orb.
     0 | D:1      | Reached XP level 1. HP: 16/16 MP: 3/3
   541 | D:1      | Reached XP level 2. HP: 14/23 MP: 3/5
   997 | D:1      | Learned a level 2 spell: Wereblood
  1826 | D:2      | Reached XP level 3. HP: 10/28 MP: 4/6
  2231 | D:2      | Learned a level 3 spell: Spider Form
  2398 | D:2      | Found a faded altar of an unknown god.
  2786 | D:3      | HP: 1/28 [orc (4)]
  2787 | D:3      | Slain by an orc wizard

Illustrated notes

Levels and vault maps discovered:
D:1:      dpeg_arrival_simpleton_a, layout_loops_corners
D:2:      layout_basic, hellmonk_ecumenical_altar_pennies_from_heaven,
          minmay_hexomino_u4
D:3:      layout_basic, kennysheep_slug_shrine, kennysheep_vampire_church,
          serial_rivers, chequers_serial_rivers_micro_a,
          chequers_serial_rivers_micro_b, chequers_serial_rivers_small_3,
          chequers_serial_rivers_small_b, chequers_serial_rivers_large_a,
          chequers_serial_rivers_small_a, uniq_natasha

Skill      XL: |  1  2  3 |
---------------+----------+-----
Transmutations | 3 |  3.2
Fighting       | |  1.1
Dodging        | |  1.7
Unarmed Combat | |  3.7
Spellcasting   | |  2.0
Poison Magic   | |  0.8

Action                   || total
-------------------------++-------
Melee: Unarmed           ||   111
       Kick              ||    17
       Headbutt          ||     6
       Tailslap          ||     7
       Punch             ||     2
Throw: Dart              ||     3
 Cast: Beastly Appendage ||    28
       Wereblood         ||     2
  Use: Potion            ||     5
       Scroll            ||     4
 Stab: Sleeping          ||     1
Armor: Skin              ||    32
Dodge: Dodged            ||    74

Table legend: (Time is in decaauts)
 A = Elapsed time spent in this place.
 B = Non-inter-level travel time spent in this place.
 C = Inter-level travel time spent in this place.
 D = Time resting spent in this place.
 E = Time spent auto-exploring this place.
 F = Levels seen in this place.
 G = Mean time per level.
                   A        B        C        D        E       F      G
               +--------+--------+--------+--------+--------+-----+--------+
         Total |   2784 |   2767 |     17 |    645 |   1697 |   3 |  928.0 |
       Dungeon |   2784 |   2767 |     17 |    645 |   1697 |   3 |  928.0 |
               +--------+--------+--------+--------+--------+-----+--------+

Top non-repeatable levels by time:
     D:1: 1511 daAuts
     D:2: 1223 daAuts
     D:3: 48 daAuts
